 Dungeon Crawl Stone Soup version 0.17-a0-1625-g47e540b (webtiles) character file.

268 urechis the Cudgeler (level 6, -7/67 HPs)
             Began as an Ogre Fighter on Aug 2, 2015.
             Mangled by Menkaure (10 damage)
             ... on level 4 of the Dungeon.
             The game lasted 00:03:02 (2407 turns).

urechis the Cudgeler (Ogre Fighter)                 Turns: 2407, Time: 00:03:02

Health: -7/67      AC:  3    Str: 29    XL:     6   Next: 21%
Magic:  6/6        EV:  8    Int:  7    God:
Gold:   170        SH:  9    Dex:  9    Spells: 0 memorised, 5 levels left

rFire  . . .     SeeInvis .     a - +0 flail
rCold  . . .     Clarity  .     u - +0 robe
rNeg   . . .     SustAt   .     c - +0 shield
rPois  .         Gourm    .     (helmet restricted)
rElec  .         Spirit   .     (no cloak)
rCorr  .         Warding  .     (gloves unavailable)
rMut   .         Stasis   .     (boots unavailable)
MR     .....                    (no amulet)
Stlth  +.........               (no ring)
                                (no ring)

@: mighty, not resistant to hostile enchantments, very unstealthy
A: unfitting armour, tough skin 1
a: no special abilities


You were on level 4 of the Dungeon.
You were hungry.

You visited 1 branch of the dungeon, and saw 4 of its levels.

You collected 170 gold pieces.

Inventory:

Hand weapons
 a - a +0 flail (weapon)
 b - a +0 blowgun
Missiles
 g - 3 needles of paralysis
 t - 18 poisoned needles
Armour
 c - a +0 shield (worn)
 u - a +0 robe (worn)
Scrolls
 k - 6 scrolls of remove curse {unknown}
 l - 3 scrolls of identify {unknown}
 m - 2 scrolls of random uselessness {unknown}
 o - a scroll of amnesia {unknown}
 q - a scroll of teleportation {unknown}
 v - 2 scrolls of recharging {unknown}
Potions
 f - a potion of flight {unknown}
 h - a potion of haste {unknown}
 j - a potion of invisibility {unknown}
 p - a potion of brilliance {unknown}
 s - a potion of heal wounds {unknown}
 w - a potion of resistance {unknown}
 x - a potion of berserk rage {unknown}
Comestibles
 e - 4 bread rations
 i - 5 meat rations
 n - a royal jelly
 r - a beef jerky


   Skills:
 + Level 6.1 Fighting
 * Level 6.9 Maces & Flails
 - Level 2.6 Dodging
 - Level 2.6 Shields


You had 5 spell levels left.
You didn't know any spells.

Dungeon Overview and Level Annotations

Branches:
Dungeon (4/15)
 Temple: D:4-7

Altars:

Annotations:
D:4 Menkaure


Innate Abilities, Weirdness & Mutations

You are too large for most types of armour.
You have tough skin (AC +1).


Message History

You block the hound skeleton's attack. Menkaure barely misses you.
You hit Menkaure.
Menkaure is moderately damaged.
The hound skeleton bites you. You block Menkaure's attack.
You block the hound skeleton's attack.
You hit Menkaure.
Menkaure is heavily damaged.
Menkaure hits you!!
* * * LOW HITPOINT WARNING * * *
The hound skeleton bites you.
* * * LOW HITPOINT WARNING * * *
Menkaure gestures at you while chanting.
Pain shoots through your body!
* * * LOW HITPOINT WARNING * * *
Drink which item? (? for menu, Esc to quit)
You feel very mighty all of a sudden.
The hound skeleton bites you but does no damage.
Menkaure grins.
Menkaure hits you!
You die...

############
...........#
...........# .#
...........##.#
...........##..
....$.MZ...##.##.[
.......@...##.....
......>....##.##..
...........##.##.#. +#
..............##.#.##.#
##########.##.##.#..#.#
#.##.##.##.#.#
#.##....##.#.#
###..........#.#
..(.....###..#.#


You could see Menkaure and a hound skeleton.

Vanquished Creatures
  The ghost of urechis the Skirmisher, an average OgFi (D:3)
  Ijyb (D:3)
  A centaur skeleton (D:3)
  4 gnolls
  3 adders
  An ooze (D:1)
  2 giant geckos
  6 bats
  5 giant cockroaches
  5 goblins
  4 hobgoblins
  2 quokkas (D:3)
  6 giant newts
  4 kobolds
  5 rats
50 creatures vanquished.

Notes
Turn   | Place    | Note
--------------------------------------------------------------
     0 | D:1      | urechis the Ogre Fighter began the quest for the Orb.
     0 | D:1      | Reached XP level 1. HP: 24/24 MP: 1/1
   118 | D:1      | Reached XP level 2. HP: 32/32 MP: 2/2
   256 | D:1      | Reached XP level 3. HP: 38/40 MP: 3/3
  1400 | D:3      | Reached XP level 4. HP: 46/49 MP: 4/4
  1442 | D:3      | Reached skill level 5 in Fighting
  1442 | D:3      | Reached skill level 5 in Maces & Flails
  1590 | D:3      | Noticed Ijyb
  1672 | D:3      | Killed Ijyb
  1672 | D:3      | Reached XP level 5. HP: 51/57 MP: 5/5
  1706 | D:3      | Noticed urechis's ghost (average OgFi)
  1733 | D:3      | Killed urechis's ghost
  1733 | D:3      | Reached skill level 6 in Maces & Flails
  1733 | D:3      | Reached XP level 6. HP: 26/67 MP: 6/6
  2396 | D:4      | Noticed Menkaure
  2406 | D:4      | HP: 3/67 [Menkaure/nerve-wracking pain (5)]
  2407 | D:4      | Mangled by Menkaure

Vault maps used:
D:1:      lightli_arrival_statue_moat, kennysheep_decorative_pillar,
          minmay_quantized
D:2:      first_bread
D:3:      uniq_iyjb
D:4:      portal_sewer_entry_d, minmay_vboxes, uniq_menkaure, uniq_sigmund

Action                   |  1- 3 |  4- 6 || total
-------------------------+-------+-------++-------
Melee: Flail             |   103 |    72 ||   175
  Use: Potion            |       |     2 ||     2
  Eat: Chunk             |     1 |     3 ||     4
